 Dungeon Crawl Stone Soup version 0.29-a0-892-g2c4c91d9db (webtiles) character file.

Game seed: 2501354611278544125

732 Pooter the Chopper (level 7, -5/62 HPs)
             Began as a Minotaur Berserker on July 23, 2022.
             Was a Believer of Trog.
             Slain by a bullfrog (7 damage)
             ... on level 7 of the Dungeon.
             The game lasted 00:24:33 (4168 turns).

Pooter the Chopper (Minotaur Berserker)             Turns: 4168, Time: 00:24:34

Health: -5/62      AC:  7    Str: 23    XL:     7   Next: 45%
Magic:  6/6        EV: 10    Int:  4    God:    Trog [**....]
Gold:   180        SH:  0    Dex: 10    Spells: 6/6 levels left

rFire   . . .      SeeInvis .   a - +0 lajatang
rCold   + . .      Faith    .   (shield currently unavailable)
rNeg    . . .      Spirit   .   g - +0 scale mail
rPois   .          Reflect  .   (helmet restricted)
rElec   .          Harm     .   (no cloak)
rCorr   .          Rampage  .   q - +0 pair of gloves
Will    ++...                   (no boots)
Stlth   ..........              (no amulet)
HPRegen 1.20/turn               j - ring of flight
MPRegen 0.10/turn               I - ring of protection from cold

@: strong-willed, on berserk cooldown, flying, regenerating, slowed, very slow
A: horns 2, retaliatory headbutt
a: Renounce Religion, Berserk, Trog's Hand


You were on level 7 of the Dungeon.
You worshipped Trog.
Trog was pleased with you.
You visited 1 branch of the dungeon, and saw 5 of its levels.

You collected 180 gold pieces.

Inventory:

Hand Weapons
 a - a +0 lajatang (weapon)
   (You found it on level 7 of the Dungeon)
 b - a +0 longbow
   (You found it on level 2 of the Dungeon)
 i - a +0 hand axe
 o - a +0 sling
   (You found it on level 1 of the Dungeon)
Missiles
 l - 7 boomerangs (quivered)
 n - a curare-tipped dart
 Q - 25 stones
Armour
 g - a +0 scale mail (worn)
   (You found it on level 6 of the Dungeon)
 q - a +0 pair of gloves (worn)
   (You found it on level 1 of the Dungeon)
Jewellery
 j - a ring of flight (left hand)
   (You found it on level 2 of the Dungeon)
 I - a ring of protection from cold (right hand)
   (You found it on level 2 of the Dungeon)
Scrolls
 c - a scroll of torment {!r}
 h - a scroll of poison {!r}
 t - a scroll of teleportation {@r4}
 w - a scroll of enchant armour
Potions
 d - a potion of ambrosia {unknown}
 e - a potion of attraction {unknown}
 f - 5 potions of curing {@q1}
 k - a potion of brilliance {unknown}
 p - 3 potions of lignification {unknown}
 r - 2 potions of cancellation {unknown}
 u - a potion of degeneration {unknown}


   Skills:
 + Level 5.7 Fighting
 * Level 7.4 Axes
 * Level 5.4 Ranged Weapons
 - Level 2.4 Armour
 - Level 2.1 Dodging


You had 6 spell levels left.
You didn't know any spells.
Your spell library was empty.

Dungeon Overview and Level Annotations

Branches:
Dungeon (7/15)
 Temple: D:4-7

Altars:
Fedhas
Ru

Shops:
D:1 :

Annotations:
D:7 Joseph


Innate Abilities, Weirdness & Mutations

You have a pair of horns on your head.
You reflexively headbutt those who attack you in melee.


Message History

Your butterfly disappears in a burst of colours!
Your butterfly is engulfed in poison gas.
Your butterfly is poisoned.
You kill your butterfly!
Your butterfly disappears in a burst of colours!
Your butterfly is engulfed in poison gas.
Your butterfly is poisoned.
You kill your butterfly!
Your butterfly disappears in a burst of colours!
Your butterfly is engulfed in poison gas.
Your butterfly is poisoned.
You kill your butterfly!
Your butterfly disappears in a burst of colours!
Your butterfly is engulfed in poison gas.
Your butterfly is poisoned.
You kill your butterfly!
Your butterfly disappears in a burst of colours!
Your butterfly is engulfed in poison gas.
Your butterfly is poisoned.
You kill your butterfly!
Your butterfly disappears in a burst of colours!
Your butterfly is engulfed in poison gas.
Your butterfly is poisoned.
You kill your butterfly!
Your butterfly disappears in a burst of colours!
Your butterfly is poisoned.
Your butterfly is engulfed in poison gas.
Your butterfly is poisoned.
You kill your butterfly!
Your butterfly disappears in a burst of colours!
Your butterfly is engulfed in poison gas.
Your butterfly is poisoned.
You kill your butterfly!
Your butterfly disappears in a burst of colours!
The bullfrog hits you.
* * * LOW HITPOINT WARNING * * *
Joseph shoots a sling bullet.
The sling bullet hits you!
* * * LOW HITPOINT WARNING * * *
The sling bullet burns you.
* * * LOW HITPOINT WARNING * * *
Your butterfly is engulfed in poison gas.
Your butterfly is poisoned.
You kill your butterfly!
Your butterfly disappears in a burst of colours!
Your butterfly is engulfed in poison gas.
Your butterfly looks even sicker.
You kill your butterfly!
Your butterfly disappears in a burst of colours!
The bullfrog hits you!
You die...

##§§§§§§§§§§§# §§§§§§§§§§§§§
#§§§§§§§§§§§ ####§§§§§§§§§§# ..
.#§§§§..§..§§## ...#
.§§§§§.§§§§§§# ... #.
#§§§§§§§.§§§####.#....
##...##§@..§##...#....
####.....##F§h§§#...#... ###
#........##§§§.§§§§...##..
##.###........##§##§§§§§...#...
#........)....†§#§.§@.§§......#
.........)<....§.§..§§§§...##
.........†)....§.§..)§§§##.###
..............§§.§...§§§...#.##..
........................>........


You could see Joseph, a black bear and a bullfrog.

Vanquished Creatures
  A water moccasin (D:7)
  2 ogres (D:6)
  A phantom (D:3)
  A kobold brigand (D:6)
  A bullfrog (D:6)
  2 howler monkeys (D:7)
  An iguana (D:7)
  An orc wizard (D:3)
  2 adders
  A white imp (D:6)
  A worm (D:2)
  2 dart slugs
  5 orcs
  7 ball pythons
  8 endoplasms
  A giant cockroach (D:2)
  4 goblins
  4 hobgoblins
  2 jackals (D:2)
  7 quokkas
  8 bats
  5 frilled lizards
  17 kobolds
  3 rats
87 creatures vanquished.

Vanquished Creatures (others)
  A fungus (D:2)
1 creature vanquished.

Grand Total: 88 creatures vanquished

Notes
Turn   | Place    | Note
-------+----------+-------------------------------------------
     0 | D:1      | Pooter the Minotaur Berserker began the quest for the Orb.
     0 | D:1      | Reached XP level 1. HP: 19/19 MP: 0/0
    71 | D:1      | Found a faded altar of an unknown god.
   203 | D:1      | Found Igho's Book Emporium.
   210 | D:1      | Reached skill level 4 in Axes
   365 | D:1      | Reached XP level 2. HP: 23/27 MP: 1/1
   822 | D:1      | Reached skill level 1 in Ranged Weapons
  1230 | D:2      | Reached XP level 3. HP: 28/33 MP: 2/2
  1601 | D:2      | Reached ** piety under Trog
  2136 | D:3      | Noticed a phantom
  2142 | D:3      | Killed a phantom
  2143 | D:3      | Reached skill level 5 in Axes
  2143 | D:3      | Reached XP level 4. HP: 41/41 MP: 3/3
  2194 | D:3      | Reached XP level 5. HP: 47/47 MP: 4/4
  2282 | D:3      | Found a sacrificial altar of Ru.
  2506 | D:3      | Found a blossoming altar of Fedhas.
  2780 | D:3      | You are sucked into a shaft and drop 3 floors!
  3082 | D:6      | Noticed an ogre
  3088 | D:6      | Killed an ogre
  3089 | D:6      | Reached skill level 6 in Axes
  3089 | D:6      | Reached XP level 6. HP: 26/55 MP: 5/5
  3328 | D:6      | Reached skill level 5 in Fighting
  3910 | D:6      | Reached XP level 7. HP: 61/61 MP: 6/6
  3989 | D:7      | Reached skill level 7 in Axes
  3989 | D:7      | Reached skill level 5 in Ranged Weapons
  4159 | D:7      | Noticed Joseph
  4168 | D:7      | HP: 3/62 [Joseph/sling bullet (11)]
  4168 | D:7      | Slain by a bullfrog

Illustrated notes

Levels and vault maps discovered:
D:1:      minmay_arrival_checkered_box, layout_basic,
          shapermc_ecumenical_altar_acropolis, serial_shops,
          nicolae_lakefront_shop, minmay_misc_feat_room
D:2:      layout_loops_ring, dreamdust_mushroom_princess
D:3:      layout_basic, nicolae_overflow_hidden_temple,
          nicolae_overflow_crystal_walls
D:6:      layout_basic
D:7:      layout_cave_pools, uniq_joseph

Skill      XL: |  1  2  3  4  5  6  7 |
---------------+----------------------+-----
Axes           | 4 5 6 7 |  7.4
Ranged Weapons | 1 2 3 4 5 |  5.4
Fighting       | 4 5 |  5.7
Armour         | |  2.4
Dodging        | |  2.1

Action                   |  1- 3 |  4- 6 |  7- 9 || total
-------------------------+-------+-------+-------++-------
Melee: Hand axe          |    27 |    35 |     6 ||    68
       Headbutt          |     3 |     7 |     3 ||    13
       Lajatang          |       |       |    10 ||    10
 Fire: Sling             |    36 |       |       ||    36
       Longbow           |    62 |    74 |       ||   136
Throw: Boomerang         |       |     4 |     1 ||     5
Invok: Berserk           |     1 |     2 |     2 ||     5
       Trog's Hand       |       |     2 |     2 ||     4
  Use: Scroll            |     3 |     5 |     3 ||    11
       Potion            |       |       |     1 ||     1
Armor: Animal skin       |    15 |     1 |       ||    16
       Ring mail         |       |     9 |       ||     9
       Scale mail        |       |    10 |    21 ||    31
Dodge: Dodged            |    53 |    29 |    17 ||    99

Table legend: (Time is in decaauts)
 A = Elapsed time spent in this place.
 B = Non-inter-level travel time spent in this place.
 C = Inter-level travel time spent in this place.
 D = Time resting spent in this place.
 E = Time spent auto-exploring this place.
 F = Levels seen in this place.
 G = Mean time per level.
                   A        B        C        D        E       F      G
               +--------+--------+--------+--------+--------+-----+--------+
         Total |   4299 |   4203 |     96 |    968 |   2192 |   5 |  859.8 |
       Dungeon |   4299 |   4203 |     96 |    968 |   2192 |   5 |  859.8 |
               +--------+--------+--------+--------+--------+-----+--------+

Top non-repeatable levels by time:
     D:6: 1180 daAuts
     D:1: 1149 daAuts
     D:2: 1022 daAuts
     D:3: 694 daAuts
     D:7: 253 daAuts
